 Dungeon Crawl Stone Soup version 0.30-a0-297-g0ec75d9ef4 (webtiles) character file.

Game seed: 12117873018343824559

2044 Lanoc the Merchant of Misery (level 9, -4/51 (57) HPs)
             Began as a Demonspawn Necromancer on Oct 18, 2022.
             Was a Believer of Kikubaaqudgha.
             Slain by a wight
             ... wielding a +0 great sword
              (12 damage)
             ... on level 7 of the Dungeon.
             The game lasted 00:14:37 (6341 turns).

Lanoc the Merchant of Misery (DsNe)                 Turns: 6341, Time: 00:14:38

HP:   -4/51 (57)    AC:  6    Str:  8    XL:     9   Next: 4%
MP:   21/21         EV: 16    Int: 24    God:    Kikubaaqudgha [**....]
Gold: 51            SH:  0    Dex: 19    Spells: 4/12 levels left

rFire   . . .      SeeInvis .    f - +3 dagger (speed)
rCold   . . .      Faith    .    z - orb {light}
rNeg    . . .      Spirit   .    a - +0 robe
rPois   +          Reflect  .    (no helmet)
rElec   +          Harm     .    E - +0 cloak
rCorr   .          Rampage  .    (no gloves)
Will    .....                    (no boots)
Stlth   +.........               (no amulet)
HPRegen 0.28/turn                H - ring of the Monkey {Drain rElec rPois Int+3 Dex+5}
MPRegen 0.17/turn                x - ring of magical power

@: mighty, glowing, heavily drained
A: slimy green scales 2, powered by death 2
a: Renounce Religion, Unearth Wretches


You were on level 7 of the Dungeon.
You worshipped Kikubaaqudgha.
Kikubaaqudgha was pleased with you.
You visited 2 branches of the dungeon, and saw 8 of its levels.

You collected 345 gold pieces.
You spent 294 gold pieces at shops.

Inventory:

Hand Weapons
 f - a +3 dagger of speed (weapon)
Armour
 a - a +0 robe (worn)
 z - an orb of light (worn)
 E - a +0 cloak (worn)
Jewellery
 g - a +6 ring of dexterity
 x - a ring of magical power (right hand)
 A - a +4 ring of evasion
 H - the ring of the Monkey (left hand) {Drain rElec rPois Int+3 Dex+5}
   (You found it on level 6 of the Dungeon)

   [ring of poison resistance]

   Int:       It affects your intelligence (+3).
   Dex:       It affects your dexterity (+5).
   rElec:     It insulates you from electricity.
   rPois:     It protects you from poison.
   Drain:     It drains your maximum health when unequipped.
 J - an amulet of magic regeneration
Scrolls
 c - a scroll of acquirement {unknown}
 h - 2 scrolls of fear {unknown}
 j - 2 scrolls of noise {unknown}
 k - 2 scrolls of torment {unknown}
 n - a scroll of magic mapping {unknown}
 o - 4 scrolls of immolation
 p - 8 scrolls of identify
 q - a scroll of brand weapon {unknown}
 s - 4 scrolls of enchant weapon {unknown}
 t - 5 scrolls of teleportation
 v - a scroll of silence {unknown}
 y - 4 scrolls of poison {unknown}
 B - 2 scrolls of blinking {unknown}
 F - a scroll of butterflies
 G - a scroll of enchant armour
Potions
 b - a potion of magic
 e - 2 potions of mutation {unknown}
 i - 2 potions of invisibility
 l - 2 potions of cancellation
 m - a potion of attraction
 r - 2 potions of flight {unknown}
 u - a potion of berserk rage {unknown}
 w - 2 potions of brilliance {unknown}
 C - a potion of degeneration {unknown}
 D - 2 potions of lignification
 I - a potion of curing


   Skills:
 + Level 6.4 Dodging
 - Level 2.0 Stealth
 - Level 2.1 Spellcasting
 * Level 11.4 Necromancy


You had 4 spell levels left.
You knew the following spells:

 Your Spells              Type           Power      Damage    Failure   Level
a - Necrotise             Necr           100%       1d9       1%          1
b - Vampiric Draining     Necr           55%        2d9       1%          3
c - Animate Dead          Necr           55%        N/A       1%          4

Your spell library contained the following spells:

 Spells                   Type           Power      Damage    Failure   Level
 Kiss of Death            Conj/Necr      100%       2d13      1%          1
 Cigotuvi's Dreadful Rot  Necr/Pois/Air  40%        N/A       3%          2
 Magic Dart               Conj           8%         1d3       12%         1
 Call Imp                 Summ           2%         N/A       19%         2
 Ensorcelled Hibernation  Hex/Ice        4%         N/A       19%         2
 Passwall                 Tmut/Erth      1%         N/A       19%         2
 Confusing Touch          Hex            2%         N/A       34%         3
 Dazzling Flash           Conj/Hex       4%         N/A       34%         3
 Mephitic Cloud           Conj/Pois/Air  2%         N/A       34%         3
 Swiftness                Air            2%         N/A       34%         3
 Agony                    Necr           55%        N/A       3%          5
 Blade Hands              Tmut           1%         N/A       97%         5
 Irradiate                Conj/Tmut      1%         3d12      97%         5
 Dragon Form              Tmut           1%         N/A       100%        7


Dungeon Overview and Level Annotations

Branches:
Dungeon (7/15)             Temple (1/1) D:4

Altars:
Ashenzari
Cheibriados
Fedhas
Gozag
Hepliaklqana
Kikubaaqudgha
Makhleb
Nemelex Xobeh
Okawaru
Qazlal
Ru
Trog
Uskayaw
Vehumet
Wu Jian
Xom
Yredelemnul

Shops:
D:6 ?


Innate Abilities, Weirdness & Mutations

You are mostly covered in slimy green scales. (AC +3)
You regenerate health from kills.


Message History

A wight comes into view. It is wielding a +4 long sword.
The wight hits you but does no damage.
You puncture the wight!
The wight is heavily damaged.
You hit the wight but do no damage.
The wight is heavily damaged.
The wight hits you with a +3 dire flail!
You feel drained.
You hit the wight but do no damage.
The wight is heavily damaged.
You hit the wight but do no damage.
The wight is heavily damaged.
The wight hits you with a +3 dire flail!
You feel drained.
You are too injured to fight recklessly!
The wight attacks as you move away! The wight misses you.
You see here the +5 flail of Fortitude {speed, *Noise *Corrode MP+9 Dex+8}.
Okay, then.
You feel very mighty all of a sudden. The wight closely misses you.
You hit the wight but do no damage.
The wight is heavily damaged.
The wight barely misses you.
You hit the wight.
The wight is severely damaged.
You puncture the wight!
You destroy the wight!
Kikubaaqudgha accepts your kill.
You barely miss the wight.
The wight hits you with a +0 great sword!!
* * * LOW HITPOINT WARNING * * *
You feel drained.
* * * LOW HITPOINT WARNING * * *
You puncture the wight!
The wight is severely damaged.
You hit the wight.
The wight is almost destroyed.
The wight hits you with a +0 great sword!
You die...
Kikubaaqudgha rasps: "You have failed me!
Welcome... death!"

#.....# #......
#.....# ##.....
### #.....#
##<..# ....
#.....# ####
...$. #..<..#
......####.....#
.........#.....#
.
......##...#####
## #####
###zz@..#
#####......
#####


You could see 2 wights.

Vanquished Creatures
  A wyvern (D:7)
  Duvessa (D:5)
  A sky beast (D:6)
  A hornet zombie (D:5)
  2 black bears
  2 ogres
  2 phantoms
  A kobold brigand (D:6)
  A necrophage (D:6)
  A scorpion (D:5)
  Dowan (D:5)
  A wight (D:7)
  2 howler monkeys (D:6)
  A bullfrog zombie (D:5)
  A centaur zombie (D:5)
  A bullfrog skeleton (D:5)
  A centaur skeleton (D:5)
  2 orc priests (D:7)
  2 hounds
  3 orc wizards
  5 iguanas
  2 hound zombies (D:5)
  A hound skeleton (D:5)
  2 howler monkey zombies (D:5)
  4 gnolls (D:4)
  5 adders
  A shadow imp (D:6)
  2 ufetubi
  A worm (D:4)
  A dart slug (D:1)
  9 orcs
  2 bats (D:1)
  7 endoplasms
  4 giant cockroaches
  9 goblins
  6 hobgoblins
  4 jackals (D:2)
  4 quokkas
  A ball python (D:4)
  11 kobolds
  8 rats
117 creatures vanquished.

Vanquished Creatures (collateral kills)
  A scorpion zombie (D:5)
  2 goblins (D:2)
  A frilled lizard (D:1)
4 creatures vanquished.

Vanquished Creatures (others)
  3 orc zombies (D:5)
  5 withered plants
8 creatures vanquished.

Grand Total: 129 creatures vanquished

Notes
Turn   | Place    | Note
-------+----------+-------------------------------------------
     0 | D:1      | Lanoc the Demonspawn Necromancer began the quest for the
                  | Orb.
     0 | D:1      | Reached XP level 1. HP: 13/13 MP: 3/3
   350 | D:1      | Gained mutation: You are partially covered in slimy green
                  | scales. (AC +2) [demonic ancestry]
   350 | D:1      | Reached XP level 2. HP: 19/19 MP: 1/5
   976 | D:2      | Reached skill level 5 in Necromancy
  1042 | D:2      | Gained mutation: You regenerate a little health from kills.
                  | [demonic ancestry]
  1042 | D:2      | Reached XP level 3. HP: 20/24 MP: 1/6
  1092 | D:2      | Found a broken altar of Ashenzari.
  1447 | D:2      | Found a faded altar of an unknown god.
  1806 | D:3      | Reached XP level 4. HP: 30/30 MP: 2/7
  2499 | D:4      | Reached skill level 6 in Necromancy
  2511 | D:4      | Learned a level 3 spell: Vampiric Draining
  2686 | D:4      | Reached XP level 5. HP: 35/35 MP: 8/8
  2926 | D:4      | Found a staircase to the Ecumenical Temple.
  2940 | Temple   | Entered the Ecumenical Temple
  3017 | Temple   | Became a worshipper of Kikubaaqudgha
  3207 | D:4      | Noticed a phantom
  3228 | D:4      | Killed a phantom
  3229 | D:4      | Reached XP level 6. HP: 33/41 MP: 9/9
  3277 | D:4      | Reached skill level 7 in Necromancy
  3548 | D:5      | Entered Level 5 of the Dungeon
  3747 | D:5      | HP: 1/41 [hornet zombie (8)]
  3768 | D:5      | Reached skill level 8 in Necromancy
  3768 | D:5      | Reached XP level 7. HP: 10/46 MP: 10/10
  3777 | D:5      | Learned a level 4 spell: Animate Dead
  3984 | D:5      | Reached * piety under Kikubaaqudgha
  3984 | D:5      | Received a gift from Kikubaaqudgha
  4019 | D:5      | HP: 2/46 [hound skeleton (2)]
  4255 | D:5      | Reached skill level 9 in Necromancy
  4340 | D:5      | Reached skill level 5 in Dodging
  4353 | D:5      | Gained mutation: You regenerate health from kills. [demonic
                  | ancestry]
  4353 | D:5      | Reached XP level 8. HP: 39/52 MP: 11/11
  4823 | D:5      | Noticed Duvessa
  4824 | D:5      | Noticed Dowan
  4840 | D:5      | Killed Duvessa
  4848 | D:5      | Killed Dowan
  5110 | D:6      | Reached skill level 10 in Necromancy
  5500 | D:6      | Found Zuwkurua's Magic Scroll Emporium.
  5507 | D:6      | Bought a scroll of butterflies for 48 gold pieces
  5507 | D:6      | Bought a scroll of enchant armour for 90 gold pieces
  5507 | D:6      | Bought a scroll of teleportation for 36 gold pieces
  5507 | D:6      | Bought a scroll of identify for 24 gold pieces
  5507 | D:6      | Bought a scroll of immolation for 48 gold pieces
  5507 | D:6      | Bought a scroll of immolation for 48 gold pieces
  5654 | D:6      | Identified the ring of the Monkey {Drain rElec rPois Int+3
                  | Dex+5}
  5783 | D:6      | Got the Secrets of Enchantment
  5901 | D:7      | Reached ** piety under Kikubaaqudgha
  5902 | D:7      | Reached skill level 11 in Necromancy
  6073 | D:7      | Gained mutation: You are mostly covered in slimy green
                  | scales. (AC +3) [demonic ancestry]
  6073 | D:7      | Reached XP level 9. HP: 47/57 MP: 11/12
  6333 | D:7      | Identified the +5 flail of Fortitude {speed, *Noise
                  | *Corrode MP+9 Dex+8}
  6341 | D:7      | Slain by a wight

Illustrated notes

Levels and vault maps discovered:
D:1:      saegor_arrival_miasma, layout_basic, minmay_misc_feat_cross
D:2:      kennysheep_the_goblin_king, layout_rooms,
          shapermc_ecumenical_altar_flowoftime, basic_altar, eino_tiny_chamber
D:3:      layout_loops_ring
D:4:      layout_loops_ring, minmay_temple_entry_stoned_glass,
          grunt_ministairs_4
D:5:      layout_basic, serial_undead, serial_undead_d, serial_undead_e,
          serial_undead_e, serial_undead_c, serial_undead_b, serial_undead_a,
          serial_undead_b, minmay_misc_feat_roman, kennysheep_generic_room_9,
          uniq_duvessa
D:6:      layout_loops_ring, serial_shops, nicolae_diamond_shop
D:7:      layout_rooms, serial_shops, nicolae_shop_trees, corexii_checkpoint_a
Temple:   nicolae_temple_bog_church

Skill      XL: |  1  2  3  4  5  6  7  8 |
---------------+-------------------------+-----
Stealth        | 2 |  2.0
Dodging        | 2 3 4 5 6 |  6.4
Necromancy     | 5 6 8 9 11 | 11.4
Spellcasting   | |  2.1

Action                   |  1- 3 |  4- 6 |  7- 9 || total
-------------------------+-------+-------+-------++-------
Melee: Dagger            |    10 |    78 |   243 ||   331
 Cast: Necrotise         |    66 |    71 |    12 ||   149
       Vampiric Draining |       |     4 |    34 ||    38
       Animate Dead      |       |       |     2 ||     2
  Use: Potion            |       |     7 |     1 ||     8
       Scroll            |       |       |     1 ||     1
Armor: Robe              |     6 |     9 |    43 ||    58
       Skin              |       |    12 |     1 ||    13
Dodge: Dodged            |     4 |    52 |   178 ||   234

Table legend: (Time is in decaauts)
 A = Elapsed time spent in this place.
 B = Non-inter-level travel time spent in this place.
 C = Inter-level travel time spent in this place.
 D = Time resting spent in this place.
 E = Time spent auto-exploring this place.
 F = Levels seen in this place.
 G = Mean time per level.
                   A        B        C        D        E       F      G
               +--------+--------+--------+--------+--------+-----+--------+
         Total |   6231 |   6104 |    127 |      0 |   5229 |   8 |  778.9 |
       Dungeon |   6130 |   6021 |    109 |      0 |   5172 |   7 |  875.7 |
        Temple |    101 |     83 |     18 |      0 |     57 |   1 |  101.0 |
               +--------+--------+--------+--------+--------+-----+--------+

Top non-repeatable levels by time:
     D:5: 1482 daAuts
     D:4: 1017 daAuts
     D:1: 966 daAuts
     D:2: 780 daAuts
     D:6: 772 daAuts
     D:3: 670 daAuts
     D:7: 441 daAuts
  Temple: 101 daAuts
